 Dungeon Crawl Stone Soup version 0.26-a0-639-g72c4674329 (webtiles) character file.

Game seed: 3754729157853120125

1402 PentaManta the Chopper (level 9, -1/65 HPs)
             Began as a Formicid Abyssal Knight on Sept 20, 2020.
             Was a Believer of Lugonu.
             Slain by a killer bee (7 damage)
             ... on level 7 of the Dungeon.
             The game lasted 00:16:02 (8689 turns).

PentaManta the Chopper (Formicid Abyssal Knight)    Turns: 8689, Time: 00:16:03

Health: -1/65      AC: 11    Str: 20    XL:     9   Next: 1%
Magic:  13/13      EV:  8    Int: 12    God:    Lugonu [**....]
Gold:   367        SH:  5    Dex: 10    Spells: 8/8 levels left

rFire    . . .     SeeInvis +   a - +2 hand axe
rCold    . . .     Faith    .   c - +0 buckler
rNeg     . . .     Spirit   .   l - +0 chain mail
rPois    +         Reflect  .   (helmet unavailable)
rElec    .         Harm     .   o - +0 cloak
rCorr    .         Rampage  .   (no gloves)
MR       .....                  p - +0 pair of boots
Stlth    ..........             (no amulet)
HPRegen  0.20/turn              v - ring of poison resistance
MPRegen  0.13/turn              (no ring)

@: lethally poisoned (-1 -> -2)
A: permanent stasis, dig shafts and tunnels, four strong arms, antennae 3
a: Dig, Shaft Self, Depart the Abyss, Bend Space, Renounce Religion


You were on level 7 of the Dungeon.
You worshipped Lugonu.
Lugonu was pleased with you.
You visited 2 branches of the dungeon, and saw 8 of its levels.
You visited the Abyss 1 time.

You collected 367 gold pieces.

Inventory:

Hand Weapons
 a - a +2 hand axe (weapon)
Missiles
 q - 4 atropa-tipped darts (quivered)
Armour
 c - a +0 buckler (worn)
 l - a +0 chain mail (worn)
 o - a +0 cloak (worn)
 p - a +0 pair of boots (worn)
Jewellery
 v - a ring of poison resistance (left hand)
Wands
 g - a wand of random effects (10)
Scrolls
 b - 2 scrolls of amnesia
 e - a scroll of immolation {unknown}
 f - a scroll of enchant armour
 j - a scroll of noise {unknown}
 n - a scroll of remove curse
Potions
 d - a potion of heal wounds
 h - a potion of berserk rage {unknown}
 i - a potion of brilliance {unknown}
 k - a potion of resistance
 m - 2 potions of flight
 r - 2 potions of lignification
 s - 3 potions of curing {unknown}
 t - a potion of cancellation {unknown}


   Skills:
 + Level 4.2 Fighting
 + Level 7.2 Axes
 + Level 3.4 Armour
 + Level 2.2 Dodging
 - Level 5.0 Shields
 * Level 5.8 Invocations


You had 8 spell levels left.
You didn't know any spells.
Your spell library was empty.

Dungeon Overview and Level Annotations

Branches:
Dungeon (7/15)             Temple (1/1) D:6

Altars:
Cheibriados
Dithmenos
Gozag
Hepliaklqana
Kikubaaqudgha
Makhleb
Nemelex Xobeh
Okawaru
Qazlal
Sif Muna
Trog
Uskayaw
Vehumet
Wu Jian
Xom
Yredelemnul
The Shining One

Shops:
D:5 *

Annotations:
D:5 Dowan, Duvessa


Innate Abilities, Weirdness & Mutations

You cannot be hasted, slowed, berserked, paralysed or teleported.
You can dig through walls and to a lower floor.
Your four strong arms can wield two-handed weapons with a shield.
You have a pair of large antennae on your head. (SInv)


Message History

You barely miss the killer bee.
The killer bee is moderately wounded.
You block the killer bee's attack. The killer bee barely misses you.
You closely miss the killer bee.
The killer bee is moderately wounded.
You block the killer bee's attack. The killer bee closely misses you.
You miss the killer bee.
The killer bee is moderately wounded.
The killer bee stings you.
* * * LOW HITPOINT WARNING * * *
You miss the killer bee.
The killer bee is moderately wounded.
You feel sick. The killer bee stings you.
* * * LOW HITPOINT WARNING * * *
The killer bee stings you.
* * * LOW HITPOINT WARNING * * *
You miss the killer bee.
The killer bee is moderately wounded.
The killer bee closely misses you. The killer bee stings you!
You die...

#..........#
#..........#
#.......)<.#
#..........#
#......<..y#
#........yy#
#........y.#####...
##+########y.......
#@#.y.......
##y#........
###........
#........ #........
#........ #........
.>..(..


You could see a killer bee.

Vanquished Creatures
  An orc warrior (D:6)
  A sky beast (D:6)
  2 centaurs (D:6)
  An ogre (D:6)
  A bullfrog (D:6)
  4 scorpions
  4 killer bees
  2 howler monkeys
  A bullfrog zombie (D:6)
  A centaur skeleton (D:4)
  A hound (Temple)
  5 orc wizards
  An iguana (D:5)
  A killer bee zombie (D:5)
  3 gnolls
  7 adders
  2 white imps (D:5)
  3 worms
  A dart slug (D:1)
  2 leopard geckos
  11 orcs
  4 giant cockroaches
  11 goblins
  4 hobgoblins
  A jackal (D:4)
  2 quokkas
  2 ball pythons
  7 bats
  6 frilled lizards
  9 kobolds
  A quokka zombie (D:6)
  6 rats
108 creatures vanquished.

Notes
Turn   | Place    | Note
-------+----------+-------------------------------------------
     0 | Abyss:1  | PentaManta the Formicid Abyssal Knight began the quest for
                  | the Orb.
     0 | Abyss:1  | Reached XP level 1. HP: 18/18 MP: 2/2
     0 | Abyss:1  | Noticed a tentacled starspawn
     4 | Abyss:1  | Noticed an orange crystal statue
     6 | Abyss:1  | Noticed an iron imp
     6 | Abyss:1  | Noticed a thrashing horror
     6 | Abyss:1  | Noticed a kobold demonologist
    67 | Abyss:1  | Noticed an orange demon
    68 | Abyss:1  | Noticed a worldbinder
    73 | Abyss:1  | Noticed a tarantella
    75 | Abyss:1  | Noticed a jumping spider
    75 | Abyss:1  | Noticed a jumping spider
    77 | D:1      | Escaped the Abyss
   385 | D:1      | Reached XP level 2. HP: 23/24 MP: 3/3
   416 | D:1      | Reached * piety under Lugonu
   512 | D:1      | Reached skill level 3 in Axes
   594 | D:1      | Reached XP level 3. HP: 20/29 MP: 4/4
  2003 | D:3      | Reached skill level 4 in Axes
  2003 | D:3      | Reached XP level 4. HP: 35/35 MP: 5/5
  2029 | D:3      | Found a bloodstained altar of Trog.
  2457 | D:3      | Found an ornate altar of the Wu Jian Council.
  2492 | D:3      | Reached skill level 5 in Axes
  2492 | D:3      | Reached XP level 5. HP: 14/41 MP: 6/6
  3134 | D:3      | Found a hide-covered altar of Uskayaw.
  3402 | D:3      | Reached ** piety under Lugonu
  3490 | D:3      | Reached XP level 6. HP: 47/47 MP: 7/7
  3622 | D:4      | Reached skill level 6 in Axes
  3880 | D:4      | Reached skill level 1 in Dodging
  4231 | D:5      | Entered Level 5 of the Dungeon
  4474 | D:5      | Found Qecuyjo's General Store.
  4598 | D:5      | Noticed Duvessa
  4598 | D:5      | Noticed Dowan
  5128 | D:5      | Reached XP level 7. HP: 9/52 MP: 8/10
  5626 | D:5      | Reached skill level 1 in Shields
  5906 | D:6      | Found a staircase to the Ecumenical Temple.
  6023 | Temple   | Entered the Ecumenical Temple
  6456 | D:6      | Reached XP level 8. HP: 24/58 MP: 11/11
  6460 | D:6      | Reached skill level 5 in Shields
  7532 | D:6      | Reached skill level 7 in Axes
  7892 | D:6      | Reached skill level 5 in Invocations
  8639 | D:7      | HP: 3/60 [poisoned by a killer bee]
  8678 | D:7      | Reached XP level 9. HP: 20/65 MP: 13/13
  8689 | D:7      | Slain by a killer bee

Illustrated notes

Levels and vault maps discovered:
D:1:      grunt_arrival_crossed_arrows, layout_loops_ring, chequers_avenue,
          minmay_misc_feat_chi, minmay_octomino_e4
D:2:      layout_loops_ring, chequers_serial_rivers_micro_c
D:3:      layout_basic, bloody_trog, marbit_many_paths, old_standard_altar,
          minmay_bisected
D:4:      layout_layer_cave, grunt_ministairs_9, minmay_between
D:5:      layout_loops_ring, serial_shops, nicolae_shop_trees, uniq_duvessa
D:6:      layout_gridville
D:7:      layout_gridville, nicolae_ru_sacrificial_ziggurat, grunt_ministairs_1,
          minmay_misc_feat_enclosed, uniq_crazy_yiuf_cottage
Temple:   jpeg_temple_clearing

Skill      XL: |  1  2  3  4  5  6  7  8 |
---------------+-------------------------+-----
Axes           | 3 4 5 6 7 |  7.2
Dodging        | 1 2 |  2.2
Invocations    | 4 5 |  5.8
Shields        | 4 5 |  5.0
Armour         | 3 |  3.4
Fighting       | 4 |  4.2

Action                   |  1- 3 |  4- 6 |  7- 9 || total
-------------------------+-------+-------+-------++-------
Melee: Hand axe          |    93 |   168 |   219 ||   480
Throw: Dart              |       |     4 |     2 ||     6
Invok: Depart the Abyss  |     1 |       |       ||     1
       Bend Space        |       |       |     3 ||     3
 Abil: Dig               |       |     1 |     2 ||     3
Evoke: Wand              |       |       |     4 ||     4
  Use: Scroll            |     6 |     6 |     2 ||    14
       Potion            |       |       |     4 ||     4
Armor: Leather armour    |    28 |       |       ||    28
       Ring mail         |    12 |    44 |       ||    56
       Scale mail        |       |    12 |    54 ||    66
       Chain mail        |       |       |    65 ||    65
Dodge: Dodged            |    53 |    76 |   123 ||   252
Block: Buckler           |       |       |    69 ||    69

Table legend: (Time is in decaauts)
 A = Elapsed time spent in this place.
 B = Non-inter-level travel time spent in this place.
 C = Inter-level travel time spent in this place.
 D = Time resting spent in this place.
 E = Time spent auto-exploring this place.
 F = Levels seen in this place.
 G = Mean time per level.
                   A        B        C        D        E       F      G
               +--------+--------+--------+--------+--------+-----+--------+
         Total |   8702 |   8466 |    236 |   2616 |   4537 |   9 |  966.9 |
       Dungeon |   8465 |   8247 |    218 |   2616 |   4404 |   7 | 1209.3 |
        Temple |    160 |    142 |     18 |      0 |    133 |   1 |  160.0 |
         Abyss |     77 |     77 |      0 |      0 |      0 |   1 |   77.0 |
               +--------+--------+--------+--------+--------+-----+--------+

Top non-repeatable levels by time:
     D:6: 2509 daAuts
     D:5: 1471 daAuts
     D:3: 1348 daAuts
     D:1: 1154 daAuts
     D:2: 1018 daAuts
     D:4: 712 daAuts
     D:7: 250 daAuts
  Temple: 160 daAuts
 Abyss:1: 77 daAuts
